 Dungeon Crawl Stone Soup version 0.31-a0-1549-g5ff9445 (webtiles) character file.

Game seed: 1750118952522324845

4088 Dorkslayer the Chopper (level 10, -1/104 HPs)
             Began as an Oni Fighter on Jan 2, 2024.
             Was an Initiate of Gozag.
             Slain by Joseph
             ... wielding a +0 quarterstaff
              (10 damage)
             ... on level 8 of the Dungeon.
             The game lasted 00:23:29 (7687 turns).

Dorkslayer the Chopper (Oni Fighter)                Turns: 7687, Time: 00:23:31

Health: -1/104     AC:  4    Str: 22    XL:     10   Next: 26%
Magic:  10/10      EV: 10    Int:  9    God:    Gozag
Gold:   639        SH: 11    Dex: 12    Spells: 9/9 levels left

rFire   . . .        i - +11 hand axe "Peat Buf" {elec, rPois}
rCold   . . .        y - +2 kite shield
rNeg    . . .        b - +0 robe
rPois   +            (helmet restricted)
rElec   .            j - +0 cloak
rCorr   .            (gloves unavailable)
SInv    .            (boots unavailable)
Will    +....        e - amulet of magic regeneration
Stlth   ++           x - ring of poison resistance
HPRegen 0.37/turn    (no ring)
MPRegen 0.52/turn

%: no passive effects
@: no status effects
A: large, unfitting armour, horns 1, tough skin 1, double potion healing,
drunken brawling
a: Renounce Religion, Potion Petition, Call Merchant, Bribe Branch


You were on level 8 of the Dungeon.
You worshipped Gozag.
Gozag was pleased with you.
You visited 2 branches of the dungeon, and saw 9 of its levels.
You also visited: Sewer.

You collected 690 gold pieces.
You paid 51 gold pieces to Gozag.

Inventory:

Hand Weapons
 i - the +11 hand axe "Peat Buf" (weapon) {elec, rPois}
   (You found it on level 5 of the Dungeon)

   rPois:     It protects you from poison
 v - a +3 broad axe
Missiles
 d - 10 curare-tipped darts (quivered)
 k - 4 boomerangs
 m - 8 javelins
Armour
 b - a +0 robe (worn)
 j - a +0 cloak (worn)
 y - a +2 kite shield (worn)
Jewellery
 e - an amulet of magic regeneration (around neck)
 x - a ring of poison resistance (left hand)
Talismans
 l - a beast talisman
Wands
 a - a wand of quicksilver (7)
 h - a wand of charming (10)
 w - a wand of polymorph (10)
Scrolls
 c - a scroll of vulnerability
 g - a scroll of immolation
 q - 2 scrolls of teleportation
 s - 2 scrolls of enchant armour
 t - a scroll of poison
 A - 2 scrolls of identify
Potions
 f - a potion of mutation
 n - 3 potions of enlightenment
 o - a potion of heal wounds
 p - a potion of brilliance
 r - 6 potions of curing
 z - a potion of lignification {unknown}


   Skills:
 + Level 7.8 Fighting
 + Level 7.9 Axes
 + Level 1.0 Throwing
 * Level 4.8 Armour
 * Level 5.2 Dodging
 + Level 2.1 Stealth
 + Level 4.8 Shields
 * Level 2.8 Evocations
 * Level 4.6 Shapeshifting


You had 9 spell levels left.
You didn't know any spells.
Your spell library contained the following spells:

 Spells                   Type           Power      Damage    Failure   Level
 Magic Dart               Conj           0%         1d3       65%         1
 Ensorcelled Hibernation  Hex/Ice        0%         N/A       78%         2
 Searing Ray              Conj           0%         2d4       78%         2
 Fugue of the Fallen      Necr           0%         N/A       95%         3
 Ozocubu's Armour         Ice            0%         N/A       95%         3
 Passwall                 Erth           0%         N/A       95%         3
 Swiftness                Air            0%         N/A       95%         3
 Fulminant Prism          Conj/Alch      0%         3d5       100%        4
 Manifold Assault         Tloc           0%         N/A       100%        4
 Passage of Golubria      Tloc           0%         N/A       100%        4
 Silence                  Hex/Air        0%         N/A       100%        5
 Lehudib's Crystal Spear  Conj/Erth      0%         10d2      100%        8


Dungeon Overview and Level Annotations

Branches:
Dungeon (8/15)             Temple (1/1) D:4           Sewer (visited)
   Lair: D:8-11

Altars:
Ashenzari
Cheibriados
Dithmenos
Elyvilon
Fedhas
Gozag
Hepliaklqana
Kikubaaqudgha
Nemelex Xobeh
Qazlal
Ru
Sif Muna
Trog
Uskayaw
Vehumet
Wu Jian
Xom
Yredelemnul
Zin

Shops:
D:3 :

Annotations:
D:8 Joseph


Innate Abilities, Weirdness & Mutations

You are too large for most types of armour.
You have a pair of small horns on your head.
You have tough skin. (AC +1)
You gain doubled healing and magic from potions.
Whenever you drink a healing potion, you attack all around you.


Message History

You slash the bullfrog!
You kill the bullfrog!
You now have 639 gold pieces (gained 8).
Found a stone staircase leading up.
Found a scroll of identify.
A - 2 scrolls of identify (gained 1) Joseph, a Mercenary comes into view.
He is wielding a +0 quarterstaff, wearing a +3 leather armour of positive energy and carrying a wand of iceblast.
Joseph shouts!
Joseph unwields a +0 quarterstaff.
Joseph wields a +0 sling.
Joseph shoots a sling bullet.
The sling bullet hits you!
Found 2 stones.
Joseph unwields a +0 sling.
Joseph wields a +0 quarterstaff.
Joseph hits you with a +0 quarterstaff! Joseph hits you with a +0 quarterstaff!
You barely miss Joseph. You block Joseph's attack.
You barely miss Joseph. Your headbutt misses Joseph.
Joseph hits you with a +0 quarterstaff!
You slash Joseph!
Joseph is lightly wounded.
Joseph hits you with a +0 quarterstaff!
You hit Joseph but do no damage. Your headbutt misses Joseph.
Joseph is lightly wounded.
You block Joseph's attack.
You hit Joseph. Lightning courses through Joseph!
Joseph is moderately wounded.
Joseph hits you with a +0 quarterstaff!
You closely miss Joseph. You headbutt Joseph.
Joseph is heavily wounded.
Joseph hits you with a +0 quarterstaff!
* * * LOW HITPOINT WARNING * * *
You hit Joseph.
Joseph is heavily wounded.
Joseph hits you with a +0 quarterstaff!
* * * LOW HITPOINT WARNING * * *
You hit Joseph.
Joseph is heavily wounded.
Joseph hits you with a +0 quarterstaff!
* * * LOW HITPOINT WARNING * * *
Joseph hits you with a +0 quarterstaff!
You die...
Your body crumbles into a pile of gold.

########## ####........#
#.......# #.# #......(# #.#
#..@@...# #.# #########
####.######.###.# ........#
#............#
........###############.##..##
..>.....................##...<.
.........(......................
#####......#.#..................
#......#.#.#......###...####
#......#.#.#.........#..#


You could see Joseph.

Vanquished Creatures
  Amaemon (D:8)
  An orange demon (D:8)
  Grum (D:8)
  A sky beast (D:6)
  3 wolves (D:8)
  2 centaurs
  An ogre (D:4)
  2 phantoms (D:6)
  3 kobold brigands
  7 bullfrogs
  3 scorpions
  A gnoll sergeant (D:7)
  5 wights (D:8)
  An oklob sapling (D:4)
  A bombardier beetle (D:7)
  A bullfrog zombie (D:6)
  2 bullfrog skeletons (D:6)
  5 hounds
  2 jellies
  A centaur skeleton (D:6)
  An orc priest (D:5)
  2 gnoll boudas
  8 orc wizards
  7 iguanas
  2 killer bee zombies (D:6)
  A howler monkey zombie (D:6)
  8 gnolls (D:7)
  2 river rats (Sewer)
  6 adders
  3 shadow imps
  A white imp (D:6)
  5 ribbon worms
  2 dart slugs
  20 orcs
  8 endoplasms
  4 giant cockroaches
  6 goblins
  11 hobgoblins
  6 jackals
  12 kobolds
  9 quokkas
  5 ball pythons
  2 bats
  3 frilled lizards (D:3)
  6 rats
184 creatures vanquished.

Notes
Turn   | Place    | Note
-------+----------+-------------------------------------------
     0 | D:1      | Dorkslayer the Oni Fighter began the quest for the Orb.
     0 | D:1      | Reached XP level 1. HP: 24/24 MP: 1/1
   142 | D:1      | Reached XP level 2. HP: 15/32 MP: 2/2
  1007 | D:2      | Reached skill level 1 in Armour
  1007 | D:2      | Reached XP level 3. HP: 32/40 MP: 3/3
  1166 | D:2      | Found a sacrificial altar of Ru.
  1907 | D:3      | Reached XP level 4. HP: 7/49 MP: 4/4
  1915 | D:3      | HP: 1/49 [orc/+0 trident (4)]
  1952 | D:3      | Found a glowing drain.
  1980 | Sewer    | Entered a sewer
  1985 | Sewer    | Reached skill level 1 in Shapeshifting
  2153 | Sewer    | Noticed a kobold brigand
  2154 | Sewer    | Noticed a kobold brigand
  2175 | Sewer    | Killed a kobold brigand
  2176 | Sewer    | Reached XP level 5. HP: 18/55 MP: 5/5
  2182 | Sewer    | Killed a kobold brigand
  2183 | Sewer    | Reached skill level 5 in Fighting
  2183 | Sewer    | Reached XP level 6. HP: 12/66 MP: 6/6
  2375 | Sewer    | Found a glowing silver altar of Zin.
  2722 | D:3      | Found an ancient bone altar of Kikubaaqudgha.
  2731 | D:3      | Found a blossoming altar of Fedhas.
  3004 | D:3      | Found Pofon's Book Emporium.
  3168 | D:4      | Found a staircase to the Ecumenical Temple.
  3880 | D:4      | Reached XP level 7. HP: 72/72 MP: 7/7
  4384 | Temple   | Entered the Ecumenical Temple
  4409 | D:5      | Entered Level 5 of the Dungeon
  4412 | D:5      | Reached skill level 5 in Axes
  4734 | D:5      | Identified the +11 hand axe "Peat Buf" {elec, rPois}
  4741 | D:5      | Found an opulent altar of Gozag.
  4742 | D:5      | Found a broken altar of Ashenzari.
  4745 | D:5      | Became a worshipper of Gozag Ym Sagoz the Greedy
  4809 | D:5      | Reached XP level 8. HP: 61/81 MP: 8/8
  4840 | D:5      | Found a white marble altar of Elyvilon.
  5723 | D:6      | Reached skill level 1 in Stealth
  5802 | D:6      | Reached XP level 9. HP: 79/89 MP: 9/9
  5962 | D:6      | Reached skill level 1 in Evocations
  6564 | D:7      | Found a snail-covered altar of Cheibriados.
  6720 | D:7      | Found a shimmering blue altar of Sif Muna.
  6871 | D:7      | Identified the +7 hand axe of the Morning {protect, rN+
                  | Str+2}
  7078 | D:8      | Noticed Grum
  7086 | D:8      | Killed Grum
  7255 | D:8      | Noticed Amaemon
  7260 | D:8      | Noticed an orange demon
  7282 | D:8      | Killed Amaemon
  7283 | D:8      | Reached XP level 10. HP: 53/102 MP: 10/10
  7287 | D:8      | Killed an orange demon
  7288 | D:8      | Reached skill level 1 in Throwing
  7288 | D:8      | Reached skill level 5 in Dodging
  7676 | D:8      | Noticed Joseph
  7687 | D:8      | Slain by Joseph

Illustrated notes

Levels and vault maps discovered:
D:1:      tarquinn_simple_flora_water_e, layout_loops_cross, serial_bayou,
          serial_bayou_lake_a, serial_bayou_shore_a, serial_bayou_lagoon_a,
          serial_bayou_crossing, serial_bayou_pond_a
D:2:      layout_loops_corners, basic_altar
D:3:      layout_loops_ring, grunt_temple_overflow_growth_and_decay,
          portal_sewer_entry_f, serial_shops, nicolae_lakefront_shop,
          bh_walls_and_bars
D:4:      nicolae_cairo_tiling_very_big, layout_layer_cave,
          minmay_temple_entry_oklob, minmay_fractal_squares_5
D:5:      layout_basic, nicolae_elyvilon_temple_path,
          mainiacjoe_overflow_divided_tiny
D:6:      layout_gridville, serial_undead, serial_undead_b, serial_undead_f,
          serial_undead_f, serial_undead_a, kennysheep_generic_room_7
D:7:      layout_loops_ring, lemuel_round_altar, nicolae_sif_muna_condensation
D:8:      layout_basic, tso_altar, kennysheep_generic_room_13, uniq_joseph,
          uniq_grum, uniq_amaemon
Temple:   nicolae_temple_x_marks_the_god

Skill      XL: |  1  2  3  4  5  6  7  8  9 10 |
---------------+-------------------------------+-----
Armour         | 1 2 3 4 |  4.8
Shields        | 3 4 |  4.8
Dodging        | 3 4 5 |  5.2
Shapeshifting  | 1 2 3 4 |  4.6
Axes           | 3 4 5 6 7 |  7.9
Fighting       | 5 6 7 |  7.8
Stealth        | 1 2 |  2.1
Evocations     | 2 |  2.8
Throwing       | 1 |  1.0

Action                     |  1- 3 |  4- 6 |  7- 9 | 10-12 || total
---------------------------+-------+-------+-------+-------++-------
  Melee: War axe           |   112 |   133 |       |       ||   245
         Headbutt          |    25 |    24 |    39 |     3 ||    91
         Broad axe         |       |     3 |    66 |       ||    69
         Hand axe          |       |       |   159 |    25 ||   184
  Throw: Javelin           |     5 |       |       |       ||     5
         Throwing net      |       |     1 |       |       ||     1
         Boomerang         |       |     1 |       |       ||     1
         Dart              |       |       |     7 |       ||     7
    Use: Scroll            |     4 |     8 |     3 |       ||    15
         Potion            |       |     2 |     6 |       ||     8
   Stab: Sleeping          |       |     1 |     3 |     1 ||     5
 Armour: Robe              |    70 |    87 |   161 |    19 ||   337
  Dodge: Dodged            |    31 |    44 |    86 |     9 ||   170
  Block: Kite shield       |    50 |    67 |   105 |    12 ||   234

Table legend: (Time is in decaauts)
 A = Elapsed time spent in this place.
 B = Non-inter-level travel time spent in this place.
 C = Inter-level travel time spent in this place.
 D = Time resting spent in this place.
 E = Time spent auto-exploring this place.
 F = Levels seen in this place.
 G = Mean time per level.
                   A        B        C        D        E       F      G
               +--------+--------+--------+--------+--------+-----+--------+
         Total |   7867 |   7856 |     11 |     18 |   4293 |  10 |  786.7 |
       Dungeon |   7369 |   7358 |     11 |      0 |   3952 |   8 |  921.1 |
        Temple |      1 |      1 |      0 |      0 |      0 |   1 |    1.0 |
         Sewer |    495 |    495 |      0 |     18 |    341 |   1 |  495.0 |
               +--------+--------+--------+--------+--------+-----+--------+

Top non-repeatable levels by time:
     D:4: 1318 daAuts
     D:5: 959 daAuts
     D:7: 947 daAuts
     D:2: 930 daAuts
     D:3: 911 daAuts
     D:1: 906 daAuts
     D:6: 699 daAuts
     D:8: 697 daAuts
   Sewer: 495 daAuts
  Temple: 1 daAuts
